Map: Goldenaura LE

Players

Ditzum - Winner!

  • Race: Protoss Protoss
  • Spawn Location: 5:00

SubN

  • Race: Zerg Zerg
  • League: Diamond
  • Spawn Location: 12:00

VOD

Have the link to the VOD?

Description

Time

  • Played on: Nov. 22, 2023, 9 p.m.
  • Length: 8:16
Show
View Real Time Build Order
Export as new Build Order

Ditzum Protoss - Winner!

Build Orders: 1 Gate Expand, Mass Adepts, Zealot Archon 

Get SALT Encoding   

  12  0:00  Probe  
  13  0:13  Pylon  
  13  0:17  Probe  
  14  0:29  Probe  
  15  0:39  Gateway  
  15  0:44  Assimilator  
  15  0:48  Probe (Chrono Boost)  
  16  0:59  Probe (Chrono Boost)  
  17  1:04  Probe (Chrono Boost)  
  18  1:14  Probe  
  19  1:26  Probe  
  19  1:30  Nexus  
  20  1:38  Cybernetics Core  
  20  1:45  Pylon  
  20  1:50  Assimilator  
  20  1:55  Zealot  
  22  2:07  Gateway  
  22  2:12  Warp Gate (Chrono Boost)  
  22  2:18  Pylon  
  22  2:29  Adept  
  24  2:34  Gateway  
  24  2:45  Shield Battery  
  24  2:47  Probe  
  24  2:48  Probe  
  26  2:59  Gateway  
  26  3:06  Shield Battery  
  26  3:10  Probe  
  26  3:11  Probe  
  28  3:22  Gateway  
  28  3:54  Adept  
  28  3:55  Adept x3  
  36  4:11  Probe x2  
  38  4:23  Probe x2  
  40  4:35  Probe x2  
  38  4:47  Probe x2, Adept x2  
  38  4:48  Adept x3  
  50  4:57  Twilight Council  
  50  4:59  Probe x2  
  52  5:02  Forge x2  
  52  5:11  Probe x2  
  54  5:18  Assimilator  
  54  5:23  Pylon  
  54  5:36  Probe x2  
  52  5:48  Probe x2  
  54  6:00  Probe x2  
  54  6:10  Templar Archives  
  54  6:11  Assimilator  
  50  6:12  Probe x2  
  50  6:14  Sentry  
  50  6:15  Sentry  
  50  6:17  Zealot x2  
  50  6:18  Zealot  
  62  6:23  Pylon  
  62  6:26  Pylon  
  62  6:32  Shield Battery  
  62  6:35  Pylon, Shield Battery  
  62  6:36  Photon Cannon  
  62  6:39  Pylon  
  62  6:40  Pylon  
  62  6:41  Pylon  
  62  6:42  Photon Cannon  
  62  6:43  Photon Cannon  
  62  6:59  High Templar  
  62  7:00  High Templar  
  66  7:04  Archon  
  66  7:10  Gateway  
  66  7:11  Gateway  
  66  7:13  Gateway  
  66  7:14  Gateway  
  66  7:19  Gateway x2  
  66  7:21  Gateway  
  66  7:26  Pylon  
  66  7:55  High Templar x2  
  70  7:59  Archon  
Show
View Real Time Build Order
Export as new Build Order

SubN Zerg 

Build Orders: 3 Hatch before Pool 

Get SALT Encoding   

  12  0:00  Drone  
  13  0:10  Drone  
  14  0:33  Hatchery  
  13  0:38  Drone  
  14  1:03  Hatchery  
  13  1:06  Drone  
  14  1:25  Spawning Pool  
  13  1:27  Drone  
  13  1:31  Extractor  
  13  1:32  Drone  
  14  1:39  Overlord  
  15  1:57  Overlord  
  15  1:59  Drone  
  15  2:00  Drone  
  17  2:12  Queen  
  19  2:16  Queen  
  23  2:30  Zergling x2  
  23  2:32  Zergling x2  
  23  2:34  Zergling x2  
  26  2:38  Zergling x2  
  26  2:42  Zergling x2  
  28  2:45  Zergling x2  
  28  2:46  Zergling x6  
  28  2:49  Zergling x2  
  28  2:50  Zergling x2  
  32  2:53  Zergling x2  
  33  3:00  Zergling x4  
  33  3:05  Zergling x2, Extractor  
  35  3:07  Zergling x2  
  35  3:11  Drone  
  37  3:13  Drone  
  34  3:34  Zergling x2  
  34  3:35  Zergling x10  
  37  3:47  Zergling x10  
  37  3:57  Zergling x6  
  37  4:06  Zergling x6  
  37  4:09  Zergling x2  
  40  4:17  Zergling x2  
  40  4:18  Zergling x2  
  41  4:30  Zergling x8  
  42  4:33  Overlord  
  39  4:45  Zergling x2  
  39  4:46  Zergling x2  
  39  4:48  Overlord  
  41  4:53  Metabolic Boost  
  41  5:00  Zergling x4  
  43  5:16  Zergling x4  
  43  5:17  Baneling Nest  
  42  5:39  Zergling x14  
  45  5:47  Zergling x2  
  43  5:54  Drone x2  
  37  6:06  Drone  
  37  6:19  Drone  
  38  6:26  Drone  
  39  6:33  Drone  
  40  6:40  Drone  
  40  6:46  Drone  
  42  6:52  Drone  
  43  6:57  Drone  
  44  7:02  Drone  
  44  7:05  Drone  
  46  7:10  Drone  
  46  7:14  Drone  
  48  7:17  Drone  
  48  7:21  Drone  
  50  7:25  Drone  
  50  7:27  Drone  
  52  7:33  Baneling  
  52  7:34  Baneling x3  
  52  7:35  Baneling  
  52  7:36  Baneling  
Tags
 
Add a new tag
Caveats
  • Supply blocks, unpowered buildings, or Contaminate may cause inaccurate times.
  • Supply counts are checked every 10 seconds.